 Dungeon Crawl Stone Soup version 0.22-b1-21-g5cfc1688f2 (webtiles) character file.

11951 Jorund the Thaumaturge (level 12, 74/74 HPs)
             Began as a Formicid Earth Elementalist on Aug 7, 2018.
             Was a Priest of Ru.
             Quit the game on level 11 of the Dungeon.
             The game lasted 00:31:58 (10621 turns).

Jorund the Thaumaturge (FoEE)                      Turns: 10621, Time: 00:31:58

Health: 74/74      AC:  7    Str: 25    XL:     12   Next: 14%
Magic:  37/37      EV: 12    Int: 22    God:    Ru [***...]
Gold:   630        SH:  4    Dex: 20    Spells: 21/36 levels left

rFire    + . .     SeeInvis +   J - +2 mace of Causality {elec, Fragile rPois rC+++ Str+2}
rCold    + + +     Gourm    .   L - +0 buckler
rNeg     . . .     Faith    .   c - +0 robe
rPois    +         Spirit   .   (helmet unavailable)
rElec    .         Reflect  .   a - +1 cloak
rCorr    .         Harm     .   k - +0 pair of gloves
MR       +....                  (no boots)
Stlth    ..........             r - amulet "Pisuxt" {Acrobat Str+9 Dex+3}
HPRegen  0.22/turn              y - ring of magical power
MPRegen  0.25/turn              t - ring "Rurphaf" {Int+3 Dex+4 Stlth-}

@: no status effects
A: permanent stasis, dig shafts and tunnels, four strong arms, antennae 3,
iridescent scales 1, camouflage 1, agile 1, deterioration 1, fire resistance 1,
inability to read while threatened, no stealth, no earth magic, no hexes magic,
no summoning magic
a: Dig, Shaft Self, Draw Out Power, Renounce Religion


You were on level 11 of the Dungeon.
You worshipped Ru.
Ru was most pleased with you.
You were not hungry.

You visited 2 branches of the dungeon, and saw 12 of its levels.

You collected 630 gold pieces.

Inventory:

Hand Weapons
 l - a +4 short sword
 m - a +2 dagger of speed
 B - a +2 war axe of chopping
 E - a +0 blowgun
 J - the +2 mace of Causality (weapon) {elec, Fragile rPois rC+++ Str+2}
   (You found it on level 9 of the Dungeon)

   Occasionally, upon striking a foe, it will discharge some electrical energy
   and cause terrible harm.
   It affects your strength (+2).
   It renders you almost immune to cold.
   It protects you from poison.
   It will be destroyed if unequipped.
Missiles
 b - 93 stones (quivered)
 F - 14 poisoned needles
 I - 3 throwing nets
Armour
 a - a +1 cloak (worn)
 c - a +0 robe (worn)
 k - a +0 pair of gloves (worn)
 H - a +2 chain mail of fire resistance
 L - a +0 buckler (worn)
Jewellery
 n - a +3 ring of evasion
 r - the amulet "Pisuxt" (around neck) {Acrobat Str+9 Dex+3}
   (You found it on level 4 of the Dungeon)

   [amulet of the acrobat]

   It helps you evade while moving and waiting.
   It affects your strength (+9).
   It affects your dexterity (+3).
 s - an uncursed ring of fire
 t - the ring "Rurphaf" (right hand) {Int+3 Dex+4 Stlth-}
   (You found it on level 5 of the Dungeon)

   [ring of attention]

   It affects your intelligence (+3).
   It affects your dexterity (+4).
   It makes you less stealthy.
 w - an uncursed amulet of regeneration {unknown}
 y - a ring of magical power (left hand)
 K - a cursed -2 ring of intelligence {unknown}
Wands
 z - a wand of disintegration (15)
 C - a wand of enslavement (14)
 D - a wand of flame (18)
 M - a wand of digging (13)
 N - a wand of random effects (24)
Scrolls
 e - 3 scrolls of enchant armour
 i - 2 scrolls of fear
 j - a scroll of magic mapping
 A - a scroll of fog
 G - 2 scrolls of remove curse
Potions
 f - a potion of resistance {unknown}
 g - 7 potions of heal wounds {unknown}
 h - a potion of flight {unknown}
 o - a potion of might {unknown}
 p - a potion of degeneration {unknown}
 q - 6 potions of curing
 u - a potion of agility {unknown}
 v - 2 potions of brilliance {unknown}
 x - a potion of haste {unknown}
 P - a potion of ambrosia {unknown}
 Q - 2 potions of mutation
Comestibles
 d - 32 rations
 O - 8 chunks of flesh


   Skills:
 - Level 2.5 Short Blades
 + Level 2.6 Maces & Flails
 - Level 1.7 Dodging
 + Level 0.2 Shields
 + Level 12.7 Spellcasting
 + Level 2.8 Conjurations
 - Level 1.1 Transmutations


You had 21 spell levels left.
You knew the following spells:

 Your Spells              Type           Power        Failure   Level  Hunger
a - Sandblast             Erth           ##....       8%          1    None
b - Passwall              Tmut/Erth      ###.....     9%          2    None
c - Stone Arrow           Conj/Erth      ###...       12%         3    None
d - Lee's Rapid Deconstr  Erth           ##........   90%         5    ####...
e - Petrify               Tmut/Erth      ###.....     52%         4    None

Your spell library contained the following spells:

 Spells                   Type           Power        Failure   Level  Hunger
 Confuse                  Hex            ##......     22%         3    None
 Tukima's Dance           Hex            ##......     22%         3    None
 Ensorcelled Hibernation  Hex/Ice        ##....       11%         2    None
 Corona                   Hex            ##.....      8%          1    None
 Dazzling Spray           Conj/Hex       ###...       12%         3    None


Dungeon Overview and Level Annotations

Branches:
Dungeon (11/15)            Temple (1/1) D:6            Lair (0/6) D:8
    Orc (0/2) D:10

Altars:
Ashenzari
Dithmenos
Elyvilon
Fedhas
Gozag
Hepliaklqana
Kikubaaqudgha
Makhleb
Nemelex Xobeh
Okawaru
Ru
Sif Muna
Trog
Uskayaw
Vehumet
Wu Jian
Xom
Yredelemnul
Zin

Annotations:
D:3 exclusion: oklob plant


Innate Abilities, Weirdness & Mutations

You cannot be hasted, slowed, berserked, paralysed or teleported.
You can dig through walls and to a lower floor.
Your four strong arms can wield two-handed weapons with a shield.
You have a pair of large antennae on your head. (SInv)
You cannot read scrolls while threatened.
You cannot be stealthy.
You cannot study or cast Earth magic.
You cannot study or cast Hexes magic.
You cannot study or cast Summoning magic.
You are partially covered in iridescent scales. (AC +2)
Your skin changes colour to match your surroundings (Stealth+).
You are agile. (Dex +2)
Your body sometimes deteriorates upon taking damage.
Your flesh is heat resistant. (rF+)


Message History

You kill the unseen horror!
b - 93 stones You start resting.
Some of the chunks of flesh in your inventory have rotted away.
Eating one of 9 chunks of flesh.
You eat one of the 9 chunks of flesh.
This raw flesh tastes terrible.
Magic restored.
Found a runed chain mail.
Found an escape hatch in the floor.
There is an escape hatch in the floor here.
q - 6 potions of curing (gained 1) Ru believes you are ready to make a new sacrifice.
Ru asks you to sacrifice all use of: Earth, Hexes, and Summoning.
This is a major sacrifice.
Piety after sacrifice: ***...
Do you really want to make this sacrifice?
You can no longer study or cast Earth magic.
You can no longer study or cast Hexes magic.
You can no longer study or cast Summoning magic.
Your Earth Magic skill lost 14 levels and is now at level 0!
You can now heal your body and restore your magic.
Are you sure you want to abandon this character and quit the game? (Confirm with "yes".)

##### #...#
#.#.# .###
#.#># .[..
#.#.# #..##
#.#@# #...#
#.#.# #...#
#.#.# #...#
#.#.#
#...###.#.#
#.......#.#
#..######.#
#..........
#
##.########


There were no monsters in sight!

Vanquished Creatures
  Harold (D:7)
  A hydra (D:9)
  An unseen horror (D:11)
  Maurice (D:9)
  2 gargoyles
  4 trolls
  Prince Ribbit (D:5)
  2 dream sheep (D:9)
  16 yaks
  A hungry ghost (D:9)
  Menkaure (D:4)
  2 soldier ants
  7 ice beasts
  A hornet zombie (D:11)
  4 sky beasts
  An orc warrior (D:6)
  A phantom (D:4)
  A necrophage (D:8)
  3 ogres
  A centaur (D:9)
  7 big kobolds
  Blork the orc (D:5)
  8 bullfrogs
  A wyvern zombie (D:6)
  3 scorpions
  5 wights (D:10)
  4 howler monkeys
  5 crimson imps
  4 hounds
  A centaur skeleton (D:4)
  2 bullfrog skeletons (D:4)
  A bullfrog zombie (D:5)
  5 orc priests
  A centaur zombie (D:8)
  7 orc wizards
  3 quasits
  6 jellies
  3 iguanas
  12 worker ants
  A gnoll (D:1)
  12 adders
  3 shadow imps
  2 oozes
  An adder zombie (D:9)
  A worm (D:3)
  A dart slug (D:1)
  6 leopard geckos
  32 orcs
  8 bats
  7 giant cockroaches
  9 goblins
  8 hobgoblins
  10 jackals
  24 kobolds
  5 frilled lizards
  11 rats
  A spectral orc (D:2)
  A butterfly (D:6)
  A plant (D:9)
275 creatures vanquished.

Notes
Turn   | Place    | Note
-------+----------+-------------------------------------------
     0 | D:1      | Jorund the Formicid Earth Elementalist began the quest for the Orb.
     0 | D:1      | Reached XP level 1. HP: 13/13 MP: 3/3
   127 | D:1      | Reached XP level 2. HP: 1/19 MP: 0/5
   504 | D:1      | Reached XP level 3. HP: 23/24 MP: 2/6
  1506 | D:2      | Learned a level 2 spell: Passwall
  1510 | D:2      | Learned a level 3 spell: Stone Arrow
  1562 | D:2      | Reached skill level 5 in Earth Magic
  1701 | D:2      | Reached XP level 4. HP: 30/30 MP: 4/8
  1853 | D:2      | Reached skill level 3 in Spellcasting
  1884 | D:2      | Reached XP level 5. HP: 21/35 MP: 1/10
  2433 | D:2      | Found a basalt altar of Yredelemnul.
  2574 | D:2      | Found a hide-covered altar of Uskayaw.
  2735 | D:3      | Reached XP level 6. HP: 28/41 MP: 4/11
  2805 | D:3      | Reached skill level 4 in Spellcasting
  2913 | D:3      | Found a glowing silver altar of Zin.
  3337 | D:3      | Found a blossoming altar of Fedhas.
  3350 | D:3      | Noticed an oklob plant
  3913 | D:4      | Reached XP level 7. HP: 40/46 MP: 8/14
  4281 | D:4      | Reached skill level 1 in Short Blades
  4281 | D:4      | Reached skill level 5 in Spellcasting
  4307 | D:4      | Noticed Menkaure
  4309 | D:4      | Killed Menkaure
  4340 | D:4      | Found a hazy altar of Hepliaklqana.
  4419 | D:4      | Got a translucent garnet amulet
  4538 | D:4      | Identified the amulet "Pisuxt" {Acrobat Str+9 Dex+3} (You found it on level 4 of the Dungeon)
  4542 | D:5      | Entered Level 5 of the Dungeon
  4576 | D:5      | Noticed Blork the orc
  4582 | D:5      | Killed Blork the orc
  4618 | D:5      | Reached skill level 6 in Spellcasting
  4618 | D:5      | Reached XP level 8. HP: 43/52 MP: 8/17
  4649 | D:5      | Noticed Prince Ribbit
  4657 | D:5      | Killed Prince Ribbit
  4749 | D:5      | Got an ancient wooden ring
  4750 | D:5      | Identified the ring "Rurphaf" {Int+3 Dex+4 Stlth-} (You found it on level 5 of the Dungeon)
  4759 | D:5      | Noticed a yak
  4761 | D:5      | Killed a yak
  4761 | D:5      | Reached skill level 7 in Spellcasting
  5027 | D:5      | Found an ornate altar of the Wu Jian Council.
  5042 | D:5      | Found a shimmering altar of Xom.
  5251 | D:6      | Reached XP level 9. HP: 57/57 MP: 18/20
  5409 | D:6      | Found a staircase to the Ecumenical Temple.
  5415 | Temple   | Entered the Ecumenical Temple
  5451 | Temple   | Became a worshipper of Ru the Awakened
  5518 | D:6      | Found a white marble altar of Elyvilon.
  5524 | D:6      | Reached skill level 8 in Spellcasting
  5673 | D:6      | Reached skill level 10 in Earth Magic
  5936 | D:7      | Found a hazy altar of Hepliaklqana.
  6061 | D:7      | Found a shattered altar of Ashenzari.
  6065 | D:7      | Saw a vision of the Swamp and the Spider Nest.
  6067 | D:7      | Noticed a wolf spider
  6067 | D:7      | Noticed a hornet
  6226 | D:7      | Noticed Harold
  6237 | D:7      | Killed Harold
  6237 | D:7      | Reached skill level 9 in Spellcasting
  6237 | D:7      | Reached XP level 10. HP: 12/63 MP: 21/23
  6576 | D:7      | Gained mutation: You cannot be stealthy. [Ru sacrifice]
  6755 | D:7      | Gained mutation: Your flesh is heat resistant. (rF+) [potion of mutation]
  6755 | D:7      | Gained mutation: You are frail. (-10% HP) [potion of mutation]
  6755 | D:7      | Gained mutation: Your mind is acute. (Int +2) [potion of mutation]
  6756 | D:7      | Lost mutation: Your flesh is heat resistant. (rF+) [potion of mutation]
  6756 | D:7      | Lost mutation: You are frail. (-10% HP) [potion of mutation]
  6756 | D:7      | Gained mutation: Your body sometimes deteriorates upon taking damage. [potion of mutation]
  6756 | D:7      | Gained mutation: You are agile. (Dex +2) [potion of mutation]
  6756 | D:7      | Gained mutation: You have large cloven feet. [potion of mutation]
  6756 | D:7      | Gained mutation: You are very agile. (Dex +4) [potion of mutation]
  6757 | D:7      | Lost mutation: You are very agile. (Dex +4) [potion of mutation]
  6757 | D:7      | Lost mutation: Your mind is acute. (Int +2) [potion of mutation]
  6757 | D:7      | Gained mutation: You are very agile. (Dex +4) [potion of mutation]
  6757 | D:7      | Gained mutation: You expend magic power (3 MP) to strengthen your wands. [potion of mutation]
  6757 | D:7      | Gained mutation: Your flesh is heat resistant. (rF+) [potion of mutation]
  6758 | D:7      | Lost mutation: You expend magic power (3 MP) to strengthen your wands. [potion of mutation]
  6758 | D:7      | Lost mutation: You have large cloven feet. [potion of mutation]
  6758 | D:7      | Gained mutation: Your skin changes colour to match your surroundings (Stealth+). [potion of mutation]
  6758 | D:7      | Lost mutation: You are very agile. (Dex +4) [potion of mutation]
  6758 | D:7      | Gained mutation: You are partially covered in iridescent scales. (AC +2) [potion of mutation]
  6805 | D:8      | Learned a level 5 spell: Lee's Rapid Deconstruction
  6810 | D:8      | Learned a level 4 spell: Petrify
  6817 | D:8      | Found an ancient bone altar of Kikubaaqudgha.
  6941 | D:8      | Reached skill level 1 in Conjurations
  7040 | D:8      | Reached skill level 10 in Spellcasting
  7359 | D:8      | Found a staircase to the Lair.
  7882 | D:9      | Found an opulent altar of Gozag.
  7944 | D:9      | Got a translucent mace
  7945 | D:9      | Identified the +2 mace of Causality {elec, Fragile rPois rC+++ Str+2} (You found it on level 9 of the Dungeon)
  8163 | D:9      | Noticed a three-headed hydra
  8168 | D:9      | Killed a three-headed hydra
  8412 | D:9      | Noticed Maurice
  8417 | D:9      | Killed Maurice
  8417 | D:9      | Reached skill level 1 in Maces & Flails
  8417 | D:9      | Reached skill level 11 in Spellcasting
  8417 | D:9      | Reached XP level 11. HP: 68/68 MP: 26/26
  8495 | D:9      | Gained mutation: You cannot read scrolls while threatened. [Ru sacrifice]
  8495 | D:9      | Reached * piety under Ru
  8495 | D:9      | Reached ** piety under Ru
  8512 | D:9      | Found a deep blue altar of Sif Muna.
  8893 | D:10     | Entered Level 10 of the Dungeon
  9354 | D:10     | Reached skill level 12 in Spellcasting
  9615 | D:10     | Found a staircase to the Orcish Mines.
 10447 | D:11     | Reached XP level 12. HP: 74/74 MP: 21/28
 10474 | D:11     | Noticed an unseen horror
 10477 | D:11     | Killed an unseen horror
 10620 | D:11     | Gained mutation: You cannot study or cast Earth magic. [Ru sacrifice]
 10620 | D:11     | Gained mutation: You cannot study or cast Hexes magic. [Ru sacrifice]
 10620 | D:11     | Gained mutation: You cannot study or cast Summoning magic. [Ru sacrifice]
 10620 | D:11     | Reached *** piety under Ru
 10621 | D:11     | Quit the game

Skill      XL: |  1  2  3  4  5  6  7  8  9 10 11 12 |
---------------+-------------------------------------+-----
Earth Magic    | 4 5 6 7 9 11 12 14 0 |  0.0
Spellcasting   | 3 4 6 7 9 11 12 | 12.7
Short Blades   | 1 2 |  2.5
Stealth        | 0 |  0.0
Conjurations   | 2 |  2.8
Maces & Flails | 1 2 |  2.6
Dodging        | |  1.7
Shields        | |  0.2
Transmutations | |  1.1

Action                   |  1- 3 |  4- 6 |  7- 9 | 10-12 || total
-------------------------+-------+-------+-------+-------++-------
Melee: Whip              |    62 |       |       |       ||    62
       Dagger            |       |    45 |       |       ||    45
       Short sword       |       |    23 |    67 |    19 ||   109
       Mace              |       |       |       |    38 ||    38
 Cast: Sandblast         |    19 |    81 |    97 |    33 ||   230
       Stone Arrow       |       |       |    11 |    50 ||    61
       Lee's Rapid Decon |       |       |       |    69 ||    69
Invok: Sacrifice Stealth |       |       |       |     1 ||     1
       Sacrifice Words   |       |       |       |     1 ||     1
       Sacrifice Arcana  |       |       |       |     1 ||     1
  Use: Scroll            |       |     6 |     1 |     3 ||    10
       Potion            |       |       |       |     4 ||     4
 Stab: Sleeping          |       |     2 |     2 |       ||     4
  Eat: Chunk             |     3 |     7 |     7 |    24 ||    41
Armor: Robe              |    13 |    36 |    34 |    22 ||   105
Dodge: Dodged            |    39 |    84 |    90 |    59 ||   272
Block: Buckler           |       |       |       |    11 ||    11
